AoeStats
← brightkidpoprop

Arabia

508334434Analyzed
1v1 RM · 10d ago on Sep 22, 2026· 15m 34s· 2 players
Game mode
Random Map
Map size
Tiny (2 player)
Population
200
Speed
Normal
Resources
Standard
Victory
Conquest
Starting age
Dark Age
Ending age
Imperial Age
RankedLock teamsTeams togetherTeam positionsShared explorationLock speedFull tech treeHidden civsTurbo modeCheats
Victory
Defeat
🇺🇸 Mongols · United States
1053
+16
🇩🇪 Muisca · Germany
1052
-16
Shark
6:38 Loom
9:39 Feudal Age
10:20 Double-Bit Axe
10:30 Champi Runner
brightkidpoprop
6:28 Loom
8:24 Feudal Age
10:26 Loom
10:35 Double-Bit Axe
Connection lost

Rejoining the realm…

Still unreachable

The connection could not be restored.

Session expired

The server has moved on; the page needs a fresh start.